 Dungeon Crawl Stone Soup version 0.31-a0-237-g2d982f9f85 (webtiles) character file.

Game seed: 11756625526261853793

1547 qw the Skirmisher (level 8, -6/70 HPs)
             Began as a Minotaur Hexslinger on July 10, 2023.
             Mangled by Eustachio
             ... wielding a +2 rapier of holy wrath
              (8 damage)
             ... on level 6 of the Dungeon.
             The game lasted 00:01:58 (5060 turns).

qw the Skirmisher (Minotaur Hexslinger)             Turns: 5060, Time: 00:01:59

Health: -6/70      AC:  8    Str: 18    XL:     8   Next: 57%
Magic:  8/8        EV: 13    Int: 10    God:
Gold:   28         SH:  0    Dex: 16    Spells: 8/9 levels left

rFire   . . .        Y - +0 orcbow
rCold   . . .        (shield currently unavailable)
rNeg    . . .        g - +0 ring mail
rPois   .            (helmet restricted)
rElec   .            (no cloak)
rCorr   +            e - +1 pair of gloves
SInv    .            a - +0 pair of boots
Will    .....        (no amulet)
Stlth   +            f - ring of resist corrosion
HPRegen 0.31/turn    c - +6 ring of strength
MPRegen 0.11/turn

%: no passive effects
@: no status effects
A: horns 2, retaliatory headbutt, mutation resistance 1
a: no special abilities


You were on level 6 of the Dungeon.
You visited 1 branch of the dungeon, and saw 6 of its levels.

You collected 268 gold pieces.
You spent 240 gold pieces at shops.


Innate Abilities, Weirdness & Mutations

You have a pair of horns on your head.
You reflexively headbutt those who attack you in melee.
You are somewhat resistant to further mutation.


   Skills:
 - Level 6.1 Fighting
 + Level 9.0 Ranged Weapons
 - Level 2.7 Armour
 - Level 5.2 Dodging
 - Level 1.0 Spellcasting
 - Level 2.0 Hexes


You had 8 spell levels left.
You knew the following spells:

 Your Spells              Type           Power      Damage    Failure   Level
a - Slow                  Hex            16%        N/A       26%         1

Your spell library contained the following spells:

 Spells                   Type           Power      Damage    Failure   Level
 Inner Flame              Hex/Fire       2%         N/A       75%         3
 Portal Projectile        Hex/Tloc       4%         N/A       75%         3
 Cause Fear               Hex            2%         N/A       95%         4

Inventory:

Hand Weapons
 Y - a +0 orcbow (weapon)
Armour
 a - a +0 pair of boots (worn)
 e - a +1 pair of gloves (worn)
 g - a +0 ring mail (worn)
 h - +2 acid dragon scales
Jewellery
 c - a +6 ring of strength (right hand)
 f - a ring of resist corrosion (left hand)
Wands
 j - a wand of digging (6)
Scrolls
 i - 2 scrolls of identify
Potions
 b - 3 potions of might
 d - a potion of mutation
 k - a potion of curing

Dungeon Overview and Level Annotations

Branches:
Dungeon (6/15)
 Temple: D:4-7

Altars:
Ashenzari
Dithmenos
Gozag
Hepliaklqana
Makhleb
Sif Muna
Trog
Uskayaw
Vehumet
Xom
Yredelemnul
The Shining One

Shops:
D:4 ?   D:5 *[*   D:6 *

Annotations:
D:4 Robin
D:6 Eustachio, Prince Ribbit


Message History

The hound barely misses you. You furiously retaliate!
You headbutt the hound!
You kill the hound!
The river rat bites you.
Eustachio growls, "To hell with you, honourless miscreant!"
Eustachio barely misses you.
Your Fighting skill increases to level 6!
You shoot an arrow.
The arrow completely misses the river rat.
The arrow misses Prince Ribbit.
The river rat barely misses you. You furiously retaliate!
You headbutt the river rat!
You kill the river rat!
The river rat's corpse disappears in a puff of smoke!
The river rat closely misses you. The rat barely misses you.
Eustachio hits you with a +2 rapier of holy wrath.
Prince Ribbit closely misses you.
You shoot an arrow. The arrow barely misses the river rat.
The arrow hits the white imp.
The white imp is severely wounded.
The river rat misses you. The rat misses you. You furiously retaliate!
You headbutt the rat. Prince Ribbit barely misses you.
Eustachio hits you with a +2 rapier of holy wrath.
You shoot an arrow. The arrow closely misses the river rat.
The arrow barely misses the white imp.
Prince Ribbit croaks regally.
Prince Ribbit hits you! The river rat bites you.
The rat twitches its whiskers.
The rat bites you but does no damage.
Eustachio hits you with a +2 rapier of holy wrath.
Prince Ribbit hits you. The rat barely misses you. You furiously retaliate!
You headbutt the rat.
You kill the rat!
The rat's corpse disappears in a puff of smoke!
The river rat closely misses you.
You shoot an arrow. The arrow hits the river rat.
You kill the river rat!
The river rat's corpse disappears in a puff of smoke!
Prince Ribbit hits you.
Eustachio hits you with a +2 rapier of holy wrath!
You die...

##......# ###.
#......#
#.~....?~
#......#
#.~.~~~.~
#......#
#.~~...~~
#......#####
#.~~._.~~
#..........#
#.~~...~~
##########.##
#5~5~~~.~
#..###¤F5....~
##...#@¤~~~~~.
###.@########
####


You could see Eustachio, Prince Ribbit, an iron imp (summoned), a quasit
(summoned) and a white imp (summoned).

Vanquished Creatures
  Maggie (D:6)
  2 black bears
  2 ice beasts (D:5)
  2 centaurs (D:5)
  2 phantoms (D:6)
  A scorpion (D:5)
  A bullfrog (D:6)
  5 hounds
  A jelly (D:6)
  Ijyb (D:4)
  An iguana (D:6)
  2 orc wizards (D:6)
  7 adders
  A white imp (D:6)
  3 ufetubi
  2 worms
  3 dart slugs
  6 orcs
  2 bats (D:1)
  4 endoplasms
  A giant cockroach (D:3)
  14 goblins
  5 hobgoblins
  7 quokkas
  6 ball pythons
  6 frilled lizards
  8 kobolds
  2 rats
98 creatures vanquished.

Notes
Turn   | Place    | Note
-------+----------+-------------------------------------------
     0 | D:1      | qw the Minotaur Hexslinger began the quest for the Orb.
     0 | D:1      | Reached XP level 1. HP: 16/16 MP: 1/1
     0 | D:1      | 0 ||| qw: Version: 0.3-a-52-g30416fa
     0 | D:1      | 0 ||| qw: Game counter: 5261
     0 | D:1      | 0 ||| qw: Melee chars always use a shield: true
     0 | D:1      | 0 ||| qw: God list: Okawaru
     0 | D:1      | 0 ||| qw: Allow faded altars: false
     0 | D:1      | 0 ||| qw: Do Orc after clearing Dungeon:15 true
     0 | D:1      | 0 ||| qw: Do second Lair branch before Depths: true
     0 | D:1      | 0 ||| qw: Lair rune preference: random
     0 | D:1      | 0 ||| qw: Goals: Normal
     0 | D:1      | 0 ||| PLANNING D:1-11
    28 | D:1      | 28 ||| FLEEEEING.
    29 | D:1      | 29 ||| FLEEEEING.
    30 | D:1      | 30 ||| FLEEEEING.
    47 | D:1      | 47 ||| FLEEEEING.
    48 | D:1      | 48 ||| FLEEEEING.
    88 | D:1      | 88 ||| FLEEEEING.
    90 | D:1      | Reached skill level 3 in Ranged Weapons
    90 | D:1      | Reached XP level 2. HP: 21/23 MP: 2/2
   162 | D:1      | 162 ||| FLEEEEING.
   165 | D:1      | 165 ||| FLEEEEING.
   166 | D:1      | 166 ||| FLEEEEING.
   167 | D:1      | 167 ||| FLEEEEING.
   168 | D:1      | 168 ||| FLEEEEING.
   172 | D:1      | 172 ||| FLEEEEING.
   173 | D:1      | 173 ||| FLEEEEING.
   175 | D:1      | 175 ||| FLEEEEING.
   176 | D:1      | 176 ||| FLEEEEING.
   441 | D:1      | 441 ||| UPGRADING to +0 pair of gloves.
   446 | D:1      | 446 ||| READING scroll labelled MUSTRY CEGOAM.
   447 | D:1      | 447 ||| READING scroll labelled URCHUZ GYMYM.
   448 | D:1      | 448 ||| READING scroll labelled XYTOFO ONAUSK.
   453 | D:1      | 453 ||| DROPPING scroll of poison.
   508 | D:2      | Reached XP level 3. HP: 29/29 MP: 3/3
  1071 | D:2      | Reached skill level 4 in Ranged Weapons
  1191 | D:2      | 1191 ||| UPGRADING to +0 ring mail.
  1201 | D:2      | 1201 ||| DROPPING +0 robe.
  1202 | D:2      | 1202 ||| UPGRADING to ring of resist corrosion.
  1203 | D:2      | 1203 ||| READING scroll labelled TUCIAC ZICOE.
  1204 | D:2      | 1204 ||| READING scroll labelled PIHE YSHUATEU.
  1283 | D:3      | Found a hide-covered altar of Uskayaw.
  1286 | D:3      | Found a radiant altar of Vehumet.
  1305 | D:3      | Found an opulent altar of Gozag.
  1310 | D:3      | Found a shadowy altar of Dithmenos.
  1311 | D:3      | Found a burning altar of Makhleb.
  1311 | D:3      | Found a shimmering blue altar of Sif Muna.
  1345 | D:3      | Reached skill level 1 in Armour
  1799 | D:3      | Reached XP level 4. HP: 33/36 MP: 4/4
  2170 | D:3      | 2170 ||| DRINKING 2 fizzy sapphire potions.
  2171 | D:3      | 2171 ||| DRINKING 2 clear potions.
  2171 | D:3      | Gained mutation: You are somewhat resistant to further
                  | mutation. [potion of mutation]
  2172 | D:3      | 2172 ||| READING 2 scrolls of identify.
  2172 | D:3      | 2172 ||| IDENTIFYING brown potion
  2173 | D:3      | 2173 ||| DROPPING potion of degeneration.
  2207 | D:4      | Found Conoint's Magic Scroll Shoppe.
  2217 | D:4      | 2217 ||| BUYING scroll of enchant armour (105 gold).
  2217 | D:4      | Bought a scroll of enchant armour for 105 gold pieces
  2217 | D:4      | 2217 ||| SHOPLISTING scroll of identify (28 gold, have 18).
  2217 | D:4      | 2217 ||| READING scroll of enchant armour.
  2217 | D:4      | 2217 ||| ENCHANTING +0 pair of gloves.
  2237 | D:4      | Noticed Ijyb
  2237 | D:4      | Noticed Robin
  2246 | D:4      | 2246 ||| READING scroll of teleportation.
  2502 | D:4      | Reached skill level 5 in Ranged Weapons
  2626 | D:4      | Killed Ijyb
  2627 | D:4      | Reached XP level 5. HP: 44/44 MP: 5/5
  2852 | D:4      | 2852 ||| UPGRADING to +0 pair of boots.
  2857 | D:4      | 2857 ||| UPGRADING to +6 ring of strength.
  2858 | D:4      | 2858 ||| DROPPING ring of wizardry.
  2866 | D:5      | Entered Level 5 of the Dungeon
  2909 | D:5      | Noticed a centaur
  2910 | D:5      | 2910 ||| Stepping ~*~*~tactically~*~*~ (outnumbered).
  2923 | D:5      | Reached skill level 3 in Fighting
  2924 | D:5      | Killed a centaur
  2925 | D:5      | Reached skill level 6 in Ranged Weapons
  3031 | D:5      | Found a bloodstained altar of Trog.
  3032 | D:5      | 3032 ||| SWAPPING to +0 orcbow.
  3033 | D:5      | 3033 ||| DROPPING +1 sling.
  3119 | D:5      | Reached XP level 6. HP: 52/52 MP: 6/6
  3119 | D:5      | Found Asmuqoh's General Store.
  3128 | D:5      | 3128 ||| BUYING 2 potions of might (112 gold).
  3128 | D:5      | Bought 2 potions of might for 112 gold pieces
  3128 | D:5      | 3128 ||| SHOPLISTING potion of haste (140 gold, have 1).
  3128 | D:5      | 3128 ||| SHOPLISTING scroll of identify (28 gold, have 1).
  3187 | D:5      | Noticed an ice beast
  3197 | D:5      | Killed an ice beast
  3290 | D:5      | Found a broken altar of Ashenzari.
  3321 | D:5      | Found Iptopn's Armour Emporium.
  3395 | D:5      | Noticed an ice beast
  3400 | D:5      | Killed an ice beast
  3401 | D:5      | Reached skill level 7 in Ranged Weapons
  3416 | D:5      | Reached XP level 7. HP: 34/59 MP: 7/7
  3642 | D:5      | Found a basalt altar of Yredelemnul.
  3643 | D:5      | Found a hazy altar of Hepliaklqana.
  3694 | D:5      | Found a glowing golden altar of the Shining One.
  3715 | D:5      | Found Baun's Assorted Antiques.
  3727 | D:5      | Reached skill level 8 in Ranged Weapons
  3744 | D:5      | 3744 ||| SHOPLISTING -2 hat of the Alchemist {rElec rPois
                  | rF+ rC+ rN+ Will+ rMut rCorr} (1227 gold, have 37).
  3744 | D:5      | 3744 ||| BUYING puce potion (23 gold).
  3744 | D:5      | Bought a puce potion for 23 gold pieces
  3744 | D:5      | 3744 ||| SHOPLISTING scroll labelled HINUUT CESUUTE (26
                  | gold, have 14).
  3744 | D:5      | 3744 ||| SHOPLISTING scroll labelled JOC GULAECOOS (26
                  | gold, have 14).
  3744 | D:5      | 3744 ||| SHOPLISTING scroll of teleportation (78 gold, have
                  | 14).
  3744 | D:5      | 3744 ||| SHOPLISTING sharpened silver wand (104 gold, have
                  | 14).
  4007 | D:5      | 4007 ||| READING scroll labelled XITZUS UBIGY.
  4008 | D:5      | 4008 ||| READING 2 scrolls of identify.
  4008 | D:5      | 4008 ||| IDENTIFYING puce potion
  4033 | D:6      | Found Ufaif's General Store.
  4449 | D:6      | 4449 ||| FLEEEEING.
  4450 | D:6      | 4450 ||| FLEEEEING.
  4451 | D:6      | 4451 ||| FLEEEEING.
  4452 | D:6      | 4452 ||| FLEEEEING.
  4453 | D:6      | 4453 ||| FLEEEEING.
  4454 | D:6      | 4454 ||| FLEEEEING.
  4455 | D:6      | 4455 ||| FLEEEEING.
  4456 | D:6      | 4456 ||| FLEEEEING.
  4457 | D:6      | 4457 ||| FLEEEEING.
  4458 | D:6      | 4458 ||| FLEEEEING.
  4459 | D:6      | 4459 ||| FLEEEEING.
  4538 | D:6      | Reached skill level 9 in Ranged Weapons
  4538 | D:6      | Reached XP level 8. HP: 57/68 MP: 8/8
  4759 | D:6      | Noticed Maggie
  4776 | D:6      | Killed Maggie
  5042 | D:6      | Found a shimmering altar of Xom.
  5044 | D:6      | Noticed Eustachio
  5044 | D:6      | Noticed Prince Ribbit
  5057 | D:6      | Reached skill level 6 in Fighting
  5059 | D:6      | HP: 14/70 [river rat[Eustachio] (5)]
  5059 | D:6      | HP: 6/70 [Prince Ribbit (3)]
  5060 | D:6      | HP: 2/70 [Prince Ribbit (4)]
  5060 | D:6      | Mangled by Eustachio

Levels and vault maps discovered:
D:1:      mrwooster_arrival_arrow, layout_rooms
D:2:      layout_basic, grunt_decor_arrowhead
D:3:      layout_basic, chequers_temple_overflow_statue_of_worship,
          lemuel_crystal_altar, mainiacjoe_overflow_tiny_flanked,
          nicolae_uskayaw_dance_hall, st_stairs_7, nicolae_eternal_life
D:4:      layout_rooms, serial_shops, shop, nicolae_goblin_pals
D:5:      layout_basic, nicolae_ashenzari_panopticon, lemuel_tele_altar,
          mainiacjoe_overflow_boulevard, minitemple, serial_shops,
          nicolae_shop_scrapyard, nicolae_shop_stone, shop, nicolae_the_louvre
D:6:      layout_basic, mainiacjoe_overflow_paths, serial_shops,
          nicolae_take_the_stairs, uniq_prince_ribbit1, uniq_maggie,
          uniq_eustachio

Skill      XL: |  1  2  3  4  5  6  7  8 |
---------------+-------------------------+-----
Ranged Weapons | 3 4 5 6 7 9 |  9.0
Fighting       | 2 4 5 6 |  6.1
Armour         | 1 2 |  2.7
Dodging        | 5 |  5.2
Spellcasting   | |  1.0
Hexes          | |  2.0

Action                     |  1- 3 |  4- 6 |  7- 9 || total
---------------------------+-------+-------+-------++-------
  Melee: Unarmed           |       |     7 |       ||     7
   Fire: Sling             |   163 |    95 |       ||   258
         Orcbow            |       |    37 |   149 ||   186
    Use: Scroll            |     5 |     3 |     2 ||    10
         Potion            |       |     2 |       ||     2
 Armour: Robe              |     4 |       |       ||     4
         Ring mail         |    24 |    58 |    53 ||   135
         Skin              |       |     1 |       ||     1
  Dodge: Dodged            |    31 |    77 |    80 ||   188

Table legend:
 A = Non-vault XP
 B = Vault XP
 C = Vault XP percentage of total XP
 D = Non-vault monster count
 E = Vault monster count
 F = Vault count percentage of total count
                 A         B        C        D         E       F
            +---------+---------+-------+---------+---------+-------
      Total |    1738 |     472 |  21.4 |      89 |       9 |   9.2
            +---------+---------+-------+---------+---------+-------
        D:1 |      38 |       0 |   0.0 |      20 |       0 |   0.0
        D:2 |      26 |       0 |   0.0 |      14 |       0 |   0.0
        D:3 |      46 |       3 |   6.1 |      11 |       2 |  15.4
        D:4 |      53 |      45 |  45.9 |      12 |       6 |  33.3
        D:5 |     808 |       0 |   0.0 |      13 |       0 |   0.0
        D:6 |     767 |     424 |  35.6 |      19 |       1 |   5.0
            +---------+---------+-------+---------+---------+-------
